 Dungeon Crawl Stone Soup version 0.29.1-12-g30fa7ad0bf (webtiles) character file.

Game seed: 14219048962602195601

63898 RapScallion the Spear-Bearer (level 15, -2/121 HPs)
             Began as a Human Fighter on Jan 16, 2023.
             Was the Champion of Okawaru.
             Shot with a sling bullet by a faun (14 damage)
             ... on level 1 of the Shoals.
             The game lasted 02:49:53 (22683 turns).

RapScallion the Spear-Bearer (Human Fighter)       Turns: 22683, Time: 02:49:54

Health: -2/121     AC: 20    Str: 36    XL:     15   Next: 52%
Magic:  16/16      EV: 18    Int:  7    God:    Okawaru [******]
Gold:   1361       SH:  0    Dex: 20    Spells: 14/14 levels left

rFire   + . .      SeeInvis +   g - +7 battleaxe of Xikak {flame, *Rage rElec rF+ Str+6}
rCold   . . .      Faith    .   (shield currently unavailable)
rNeg    + . .      Spirit   .   H - +1 leather armour "Deqidupt" {rElec Will+++ Int-2 SInv}
rPois   +          Reflect  .   s - +2 helmet
rElec   +          Harm     .   i - +2 cloak
rCorr   .          Rampage  .   e - +3 pair of gloves "Gabreami" {Regen+ MP-9 Str+3 SInv}
Will    ++...      Rage     20% p - +2 pair of boots
Stlth   ++........              G - amulet of regeneration
HPRegen 1.90/turn               W - ring "Xeicut" {MP+9 Str+4 Dex+4}
MPRegen 0.15/turn               d - ring "Zuyxoezi" {Fly rPois rN+ Str+3}

@: weak-willed, on berserk cooldown, flying, slowed, very slow
A: no striking features
a: Renounce Religion, Heroism, Finesse, Duel


You were on level 1 of the Shoals.
You worshipped Okawaru.
Okawaru was exalted by your worship.
You visited 5 branches of the dungeon, and saw 20 of its levels.
You also visited: Ossuary.

You collected 2686 gold pieces.
You spent 1325 gold pieces at shops.

Inventory:

Hand Weapons
 g - the +7 battleaxe of Xikak (weapon) {flame, *Rage rElec rF+ Str+6}
   (You bought it in a shop on level 2 of the Orcish Mines)

   It burns those it strikes, dealing additional fire damage.
   Big, fiery blades are also staple armaments of hydra-hunters.
   Str:       It affects your strength (+6).
   rF:        It protects you from fire.
   rElec:     It insulates you from electricity.
   *Rage:     It berserks you when you make melee attacks (+20% chance).
 r - a +3 vorpal broad axe
 x - a +1 demon trident
 K - a +2 glaive of flaming
Missiles
 h - 35 poisoned darts
 B - 5 throwing nets (quivered)
Armour
 b - +0 ice dragon scales
 c - a +0 buckler
 e - the +3 pair of gloves "Gabreami" (worn) {Regen+ MP-9 Str+3 SInv}
   (You acquired it on level 3 of the Dungeon)

   Str:       It affects your strength (+3).
   MP:        It affects your magic capacity (-9).
   SInv:      It lets you see invisible.
   Regen:     It increases your rate of health regeneration.
 i - a +2 cloak (worn)
 n - a +0 plate armour of cold resistance
 p - a +2 pair of boots (worn)
 s - a +2 helmet (worn)
 H - the +1 leather armour "Deqidupt" (worn) {rElec Will+++ Int-2 SInv}
   (You found it on level 11 of the Dungeon)

   Int:       It affects your intelligence (-2).
   rElec:     It insulates you from electricity.
   SInv:      It lets you see invisible.
   Will:      It greatly increases your willpower.
 P - a +2 pair of gloves of infusion
Jewellery
 d - the ring "Zuyxoezi" (right hand) {Fly rPois rN+ Str+3}
   (You bought it in a shop on level 2 of the Orcish Mines)

   [ring of flight]

   Str:       It affects your strength (+3).
   rPois:     It protects you from poison.
   rN:        It protects you from negative energy.
   Fly:       It grants you flight.
 q - a ring of protection from fire
 z - a ring of see invisible
 E - a ring of resist corrosion
 G - an amulet of regeneration (around neck)
 S - a ring of positive energy
 U - a +6 ring of strength
 W - the ring "Xeicut" (left hand) {MP+9 Str+4 Dex+4}
   (You found it on level 4 of the Lair of Beasts)

   [ring of magical power]

   Str:       It affects your strength (+4).
   Dex:       It affects your dexterity (+4).
   MP:        It affects your magic capacity (+9).
Wands
 v - a wand of polymorph (3)
 D - a wand of digging (15)
 Q - a wand of paralysis (6)
Scrolls
 a - 15 scrolls of teleportation
 l - 2 scrolls of immolation
 m - 3 scrolls of poison
 o - a scroll of magic mapping
 u - 12 scrolls of identify
 y - 3 scrolls of fear
 J - 2 scrolls of fog
 M - 2 scrolls of silence
Potions
 f - 12 potions of curing
 j - 7 potions of heal wounds
 k - a potion of cancellation
 t - a potion of resistance
 w - 2 potions of invisibility
 A - 4 potions of lignification
 C - a potion of ambrosia
 L - a potion of brilliance
 O - 2 potions of flight
 T - a potion of might


   Skills:
 + Level 12.2 Fighting
 - Level 3.5 Long Blades
 + Level 11.0(14.4) Axes
 + Level 14.9(16.3) Polearms
 + Level 9.8 Armour
 + Level 8.7 Dodging
 - Level 0.6 Stealth
 + Level 7.8 Shields
 + Level 2.5 Invocations
 + Level 0.3 Evocations


You had 14 spell levels left.
You didn't know any spells.
Your spell library contained the following spells:

 Spells                   Type           Power      Damage    Failure   Level
 Beastly Appendage        Tmut           0%         N/A       45%         1
 Wereblood                Tmut           0%         N/A       58%         2
 Confusing Touch          Hex            0%         N/A       83%         3
 Inner Flame              Hex/Fire       0%         N/A       83%         3
 Portal Projectile        Hex/Tloc       0%         N/A       83%         3
 Spider Form              Tmut/Pois      0%         N/A       83%         3
 Anguish                  Hex/Necr       0%         N/A       99%         4
 Cause Fear               Hex            0%         N/A       99%         4
 Leda's Liquefaction      Hex/Erth       0%         N/A       99%         4
 Olgreb's Toxic Radiance  Pois           0%         N/A       99%         4
 Blade Hands              Tmut           0%         N/A       100%        5
 Yara's Violent Unravell  Hex/Tmut       0%         3d3       100%        5
 Iron Shot                Conj/Erth      0%         9d1       100%        6
 Dragon Form              Tmut           0%         N/A       100%        7
 Enfeeble                 Hex            0%         N/A       100%        7
 Ozocubu's Refrigeration  Ice            0%         4d7       100%        7
 Discord                  Hex            0%         N/A       100%        8
 Ignition                 Fire           0%         3d3       100%        8
 Call Canine Familiar     Summ           Unusable   N/A       N/A         3
 Animate Armour           Summ/Erth      Unusable   N/A       N/A         4
 Dragon's Call            Summ           Unusable   N/A       N/A         9

Dungeon Overview and Level Annotations

Branches:
Dungeon (11/15)            Temple (1/1) D:5            Lair (5/5) D:11
 Shoals (1/4) Lair:2       Spider (0/4) Lair:2        Slime (0/5) Lair:4
    Orc (2/2) D:11            Elf (0/3) Orc:2       Ossuary (visited)

Altars:
Ashenzari
Cheibriados
Elyvilon
Fedhas
Gozag
Makhleb
Okawaru
Qazlal
Ru
Sif Muna
Trog
Uskayaw
Vehumet
Wu Jian
Xom
Yredelemnul
Zin
The Shining One

Shops:
D:6 (   D:7 ?   D:10 *   Orc:1 (   Orc:2 (=*!

Portals:
Trove: D:10 (give horn of Geryon)

Annotations:
D:6 1 runed translucent door, Crazy Yiuf
D:8 3 runed translucent doors, gdog's ghost, novice GnDe
Lair:1 2 transporters, valliere's ghost, novice DrFE
Lair:3 3 runed translucent doors, Foabaekk's ghost, journeyman GrMo; RapScallion's ghost, journeyman HuFi
Lair:4 1 runed translucent door, Xafas's ghost, journeyman DrCj
Orc:1 3 runed translucent doors, Jisity's ghost, adept HuFi


Message History

The wind drake is almost dead.
The wind drake exhales a fierce blast of wind!
You are blown backwards!
The snapping turtle is blown away by the wind.
You are no longer berserk.
You are exhausted.
You feel yourself slow down. The wind drake flaps its wings at you.
The air twists around and strikes you!
The merfolk siren chants a haunting song.
You resist with almost no effort.
The snapping turtle bites you from afar.
The faun shoots a sling bullet.
The sling bullet hits you!
The faun shoots a sling bullet.
The sling bullet hits you but does no damage.
The faun shoots a sling bullet.
The sling bullet misses you. The wind drake bites you!
The snapping turtle barely misses you.
You open the wind drake like a pillowcase!!!
You burn the wind drake.
You kill the wind drake!
Okawaru accepts your kill.
The faun shoots a sling bullet.
The sling bullet hits you!
The faun shoots a sling bullet.
The sling bullet completely misses you.
The faun shoots a sling bullet.
The sling bullet hits you!
* * * LOW HITPOINT WARNING * * *
The merfolk siren closely misses you. The snapping turtle barely misses you.
A water nymph comes into view.
The faun shoots a sling bullet.
The sling bullet misses you.
The faun shoots a sling bullet.
The sling bullet hits you but does no damage.
The faun shoots a sling bullet.
The sling bullet hits you!
* * * LOW HITPOINT WARNING * * *
The merfolk siren hits you from afar with a +0 trident.
* * * LOW HITPOINT WARNING * * *
The faun shoots a sling bullet.
The sling bullet closely misses you.
The sling bullet hits the snapping turtle!
The merfolk siren misses you.
The faun shoots a sling bullet.
The sling bullet misses you.
The faun shoots a sling bullet.
The sling bullet hits you!
You die...

.. #..[~~~~. .##~~~~~~.
..###...~~~.~
...~~~>~.###..#.........
~~~~~~~~(.##..#.../~....
~~~~~~~~..#...#........
#.~~~~~c.....# #....#
#.~~~~~~.m...###....#
#..~~~~~t~~.....<..#
#.~~~~~~~@†........#
##~$~~~~~†~~..........#
..~~~~~≈~~~~~~~~~.......
~.~~~~~≈≈~~~~~~~~~~.....
~~~~~~~≈≈≈≈~~~~cc~~~....
~~~~~~≈≈≈≈≈≈≈≈≈≈~~~...~~
~~~~~≈≈≈≈≈≈≈≈≈≈m~~###.~~
~~~~~≈≈≈≈≈≈≈≈≈Hc~~
~~~≈≈≈≈≈≈≈≈≈≈~~~~~


You could see a snapping turtle, 4 fauns, a manticore, a merfolk siren and a
water nymph (wandering).

Vanquished Creatures
  A dire elephant (Lair:5)
  An ettin (Orc:2)
  Josephine (D:11)
  3 hydras
  Harold (D:10)
  An ice dragon (Lair:5)
  Fannar (D:11)
  A centaur warrior (D:9)
  2 two-headed ogres
  2 catoblepae
  Erica (D:10)
  3 death yaks (Lair:4)
  4 orc high priests
  2 sea snakes (Shoals:1)
  Lodul (D:10)
  5 lindwurms
  Pikel (D:7)
  4 orc knights
  An ugly thing (D:9)
  6 orc sorcerers (Orc:2)
  2 manticores
  A cyclops (D:9)
  3 elephants (Lair:4)
  5 black mambas
  5 torpor snails (Lair:5)
  10 cane toads
  2 gargoyles (D:11)
  Maggie (D:10)
  An unseen horror (D:10)
  A rime drake (Lair:4)
  4 kobold demonologists
  8 komodo dragons
  A meliai (shapeshifter) (D:9)
  5 trolls
  13 polar bears
  A wind drake (Shoals:1)
  4 tyrant leeches (Lair:5)
  3 raiju (Lair:5)
  9 hornets
  10 blink frogs (Lair:4)
  7 wraiths
  17 yaks
  3 basilisks
  A wyvern (Lair:4)
  A redback (Lair:2)
  4 vampire mosquitoes (D:11)
  8 wargs
  An acid dragon (D:9)
  11 water moccasins
  12 hell hounds (Lair:5)
  22 orc warriors
  5 ice beasts
  2 sky beasts
  12 black bears
  21 wolves
  15 ogres
  A phantom (D:5)
  4 centaurs
  4 kobold brigands
  9 bullfrogs
  12 scorpions
  5 wights (D:9)
  23 killer bees
  9 howler monkeys
  3 centaur zombies (Ossuary)
  5 hounds
  2 jellies
  17 orc priests
  3 iguanas
  Terence (D:3)
  24 orc wizards
  4 scorpion zombies (Ossuary)
  5 hell rats (D:6)
  3 mummies (Ossuary)
  5 adders
  15 river rats (D:6)
  2 shadow imps
  A white imp (D:6)
  An ufetubus (D:6)
  4 worms
  6 dart slugs
  60 orcs
  4 bats
  7 endoplasms
  4 giant cockroaches
  4 gnoll zombies (Ossuary)
  5 goblins
  6 hobgoblins
  6 jackals (D:2)
  4 quokkas
  3 training dummies (D:6)
  7 ball pythons
  2 frilled lizards
  A goblin zombie (Ossuary)
  3 hobgoblin zombies (Ossuary)
  22 kobolds
  3 rats
  A bush (Lair:4)
583 creatures vanquished.

Vanquished Creatures (others)
  A bush (Lair:4)
  28 fungi
  62 plants
  6 withered plants (Lair:3)
97 creatures vanquished.

Grand Total: 680 creatures vanquished

Notes
Turn   | Place    | Note
-------+----------+-------------------------------------------
     0 | D:1      | RapScallion the Human Fighter began the quest for the Orb.
     0 | D:1      | Reached XP level 1. HP: 18/18 MP: 1/1
    71 | D:1      | Reached XP level 2. HP: 7/24 MP: 2/2
   930 | D:1      | Found a faded altar of an unknown god.
  1080 | D:1      | Reached XP level 3. HP: 25/29 MP: 3/3
  1856 | D:2      | Reached XP level 4. HP: 35/35 MP: 4/4
  2924 | D:3      | Found a blossoming altar of Fedhas.
  2925 | D:3      | Noticed Terence
  2939 | D:3      | Killed Terence
  2940 | D:3      | Reached XP level 5. HP: 33/41 MP: 5/5
  3033 | D:3      | Identified a scroll of acquirement
  3033 | D:3      | Acquired the +3 pair of gloves "Gabreami" {Regen+ MP-9
                  | Str+3 SInv}
  3179 | D:4      | Reached skill level 1 in Polearms
  3179 | D:4      | Reached skill level 1 in Dodging
  3406 | D:4      | Reached skill level 2 in Polearms
  3406 | D:4      | Reached XP level 6. HP: 33/47 MP: 0/6
  3855 | D:4      | Found a bloodstained altar of Trog.
  4057 | D:4      | Reached skill level 3 in Polearms
  4087 | D:5      | Entered Level 5 of the Dungeon
  4104 | D:5      | Found a staircase to the Ecumenical Temple.
  4124 | Temple   | Entered the Ecumenical Temple
  4130 | Temple   | Became a worshipper of Warmaster Okawaru
  4140 | D:5      | Noticed an ogre
  4151 | D:5      | Killed an ogre
  4152 | D:5      | Reached skill level 4 in Polearms
  4152 | D:5      | Reached XP level 7. HP: 53/53 MP: 0/7
  4183 | D:5      | Found a glowing golden altar of the Shining One.
  4275 | D:5      | Found a sand-covered staircase.
  4284 | Ossuary  | Entered an ossuary
  4424 | Ossuary  | Reached * piety under Okawaru
  4425 | Ossuary  | Reached skill level 5 in Polearms
  4467 | Ossuary  | Reached XP level 8. HP: 60/60 MP: 0/8
  4584 | Ossuary  | Reached skill level 6 in Polearms
  4666 | Ossuary  | Reached ** piety under Okawaru
  4821 | D:5      | Reached skill level 7 in Polearms
  4821 | D:5      | Reached XP level 9. HP: 34/66 MP: 0/9
  5059 | D:5      | Reached skill level 5 in Armour
  5103 | D:5      | Found a white marble altar of Elyvilon.
  5541 | D:6      | Reached skill level 8 in Polearms
  5606 | D:6      | Reached skill level 5 in Fighting
  5716 | D:6      | Found Baurelik's Firing Range.
  5782 | D:6      | Found a runed translucent door.
  5783 | D:6      | Noticed Crazy Yiuf
  5838 | D:6      | Reached *** piety under Okawaru
  6233 | D:6      | Found the +2 ratskin cloak {*Rats rPois rN+ Str-1 Int-1
                  | Dex+1}
  6553 | D:7      | Reached skill level 9 in Polearms
  6563 | D:7      | Reached XP level 10. HP: 43/74 MP: 1/10
  6660 | D:7      | Found a radiant altar of Vehumet.
  6811 | D:7      | Reached **** piety under Okawaru
  6870 | D:7      | Found Weenew's Magic Scroll Shop.
  6960 | D:7      | Noticed Pikel
  6981 | D:7      | Killed Pikel
  6982 | D:7      | Reached skill level 10 in Polearms
  7387 | D:7      | Reached skill level 5 in Shields
  7509 | D:8      | Found a runed translucent gate.
  7509 | D:8      | Found a runed translucent gate.
  7509 | D:8      | Found a runed translucent gate.
  7510 | D:8      | Noticed gdog's ghost (novice GnDe)
  7612 | D:8      | Identified the +0 chain mail "Anaten" {rPois rC+}
  7837 | D:9      | Received a gift from Okawaru
  7927 | D:9      | Reached skill level 11 in Polearms
  7947 | D:9      | Reached XP level 11. HP: 67/83 MP: 2/11
  7960 | D:9      | Reached ***** piety under Okawaru
  8161 | D:9      | Noticed a manticore
  8171 | D:9      | Killed a manticore
  8498 | D:9      | Identified the +0 ring mail of the Slorg {Dex+4} (Okawaru
                  | gifted it to you on level 9 of the Dungeon)
  8498 | D:9      | Received a gift from Okawaru
  8791 | D:9      | Noticed a centaur warrior
  8805 | D:9      | Killed a centaur warrior
  8806 | D:9      | Reached skill level 12 in Polearms
  8807 | D:9      | Noticed a cyclops
  8889 | D:9      | Killed a cyclops
  8936 | D:9      | Noticed a red ugly thing
  8961 | D:9      | Killed a red ugly thing
  9046 | D:10     | Entered Level 10 of the Dungeon
  9161 | D:10     | Noticed a two-headed ogre
  9184 | D:10     | Killed a two-headed ogre
  9213 | D:10     | Noticed Maggie
  9233 | D:10     | Killed Maggie
  9241 | D:10     | Reached skill level 1 in Invocations
  9883 | D:10     | Found a sacrificial altar of Ru.
  9966 | D:10     | Noticed Erica
 10055 | D:10     | Found a portal to a secret trove of treasure.
 10130 | D:10     | Found Qevack's Elemental Accessories.
 10374 | D:10     | Killed Erica
 10375 | D:10     | Reached XP level 12. HP: 92/92 MP: 0/12
 10380 | D:10     | Noticed a sixfirhy
 10583 | D:10     | Noticed a soul eater
 10920 | D:10     | Found a stormy altar of Qazlal.
 10982 | D:11     | Noticed Lodul
 11026 | D:10     | Reached skill level 13 in Polearms
 11064 | D:10     | Killed Lodul
 11109 | D:10     | Noticed a sun demon
 11186 | D:11     | Noticed Harold
 11211 | D:10     | Killed Harold
 11259 | D:11     | Noticed Fannar
 11277 | D:11     | Killed Fannar
 11580 | D:11     | Reached skill level 5 in Dodging
 11817 | D:11     | Identified the +0 plate armour of the Old and Reckless
                  | {Int+3 Dex+3} (Okawaru gifted it to you on level 11 of the
                  | Dungeon)
 11817 | D:11     | Received a gift from Okawaru
 11821 | D:11     | Noticed Josephine
 11835 | D:11     | Killed Josephine
 11925 | D:11     | Identified the +1 leather armour "Deqidupt" {rElec Will+++
                  | Int-2 SInv}
 12008 | D:11     | Reached skill level 14 in Polearms
 12171 | D:11     | Found a staircase to the Orcish Mines.
 12184 | D:11     | Found a staircase to the Lair.
 12212 | D:11     | Noticed a soul eater
 12376 | Orc:1    | Entered Level 1 of the Orcish Mines
 12639 | Orc:1    | Found Zuulok's Antique Weapon Boutique.
 13085 | Orc:1    | Noticed a two-headed ogre
 13098 | Orc:1    | Killed a two-headed ogre
 13099 | Orc:1    | Reached XP level 13. HP: 81/100 MP: 1/14
 13252 | Orc:1    | Found a runed translucent gate.
 13252 | Orc:1    | Found a runed translucent gate.
 13252 | Orc:1    | Found a runed translucent gate.
 13252 | Orc:1    | Noticed Jisity's ghost (adept HuFi)
 13473 | Orc:2    | Entered Level 2 of the Orcish Mines
 14103 | Orc:2    | Noticed an ettin
 14120 | Orc:2    | Killed an ettin
 14324 | Orc:2    | Found a staircase to the Elven Halls.
 14764 | Orc:2    | Found Tutu Tamergh's Antique Weapon Emporium.
 15313 | Orc:2    | Reached skill level 10 in Fighting
 15399 | Orc:2    | Found Ciggades's Distillery.
 16018 | Orc:2    | Found Bacoxesa's Jewellery Shop.
 16020 | Orc:2    | Found Daus's General Store.
 16071 | Orc:2    | Bought the ring "Zuyxoezi" {Fly rPois rN+ Str+3} for 588
                  | gold pieces
 16076 | Orc:2    | Bought a pitted battleaxe for 287 gold pieces
 16076 | Orc:2    | Identified the +7 battleaxe of Xikak {flame, *Rage rElec
                  | rF+ Str+6} (You bought it in a shop on level 2 of the
                  | Orcish Mines)
 16084 | Orc:2    | Bought an amulet of regeneration for 450 gold pieces
 16300 | Lair:1   | Entered Level 1 of the Lair of Beasts
 16413 | Lair:1   | Found a transporter.
 16420 | Lair:1   | Found a bloodstained altar of Trog.
 16435 | Lair:1   | Found a transporter.
 16436 | Lair:1   | Noticed valliere's ghost (novice DrFE)
 16736 | Lair:1   | Noticed a seven-headed hydra
 16748 | Lair:1   | Killed a two-headed hydra
 16749 | Lair:1   | Reached skill level 1 in Axes
 17526 | Lair:2   | Found a staircase to the Shoals.
 17537 | Lair:2   | Received a gift from Okawaru
 17538 | Lair:2   | Reached XP level 14. HP: 111/111 MP: 6/15
 17660 | Lair:2   | Found a hole to the Spider Nest.
 18880 | Lair:3   | Found a runed translucent gate.
 18886 | Lair:3   | Reached skill level 5 in Axes
 18895 | Lair:3   | Found a runed translucent gate.
 18899 | Lair:3   | Found a runed translucent gate.
 18903 | Lair:3   | Noticed RapScallion's ghost (journeyman HuFi)
 18903 | Lair:3   | Noticed Foabaekk's ghost (journeyman GrMo)
 19344 | Lair:4   | Reached ****** piety under Okawaru
 19856 | Lair:4   | Found a staircase to the Slime Pits.
 20036 | Lair:4   | Identified the ring "Xeicut" {MP+9 Str+4 Dex+4}
 20172 | Lair:4   | Found a runed translucent door.
 20174 | Lair:4   | Noticed Xafas's ghost (journeyman DrCj)
 20217 | Lair:4   | Identified the +9 spear "Imulaig" {vorpal, rC+ rN+ Str-5
                  | Dex+2}
 20541 | Lair:5   | Entered Level 5 of the Lair of Beasts
 20665 | Lair:5   | Received a gift from Okawaru
 21064 | Lair:5   | Found a runed translucent door.
 21134 | Lair:5   | Paralysed by a hornet for 2 turns
 21149 | Lair:5   | Reached XP level 15. HP: 47/119 MP: 14/16
 21295 | Lair:5   | Received a gift from Okawaru
 21783 | Lair:5   | Reached skill level 10 in Axes
 22658 | Shoals:1 | Entered Level 1 of the Shoals
 22683 | Shoals:1 | Shot with a sling bullet by a faun

Illustrated notes

Levels and vault maps discovered:
D:1:      lemuel_arrival_funnel, layout_loops_ring,
          nicolae_ecumenical_lake_church, serial_rivers,
          chequers_serial_rivers_room_a, chequers_serial_rivers_micro_b,
          chequers_serial_rivers_room_a, chequers_serial_rivers_small_3
D:2:      layout_loops_ring
D:3:      layout_basic, lemuel_round_altar, uniq_terence
D:4:      layout_loops_ring, mainiacjoe_overflow_six_doors_small
D:5:      layout_cave_pools, elyvilon_altar_3, mainiacjoe_overflow_tiny_flanked,
          minmay_temple_entry_drinking_statues, chequers_ossuary_entry_cave
D:6:      wander_guarded_unrand_ratskin, layout_basic, roderic_serpentine_path,
          nicolae_shop_firing_range, uniq_crazy_yiuf_cottage
D:7:      layout_rooms, lemuel_tele_altar, serial_shops, nicolae_square_shop,
          chequers_serial_rivers_large_a, grunt_ministairs_1,
          nicolae_benzene_ring, centaur_isle, uniq_pikel
D:8:      layout_rooms, gammafunk_ghost_nasty_kobolds
D:9:      minmay_cornered_nines, layout_loops_ring, kb_rosetta
D:10:     layout_gridville, mainiacjoe_overflow_catwalk, kennysheep_little_box,
          nicolae_trove_entry_free_sample, minmay_misc_feat_tiny,
          nicolae_elemental_shop, billiards_dpeg, uniq_maggie, uniq_erica
D:11:     layout_basic, lair_entry_dummy, orc_0_dummy, eino_jars,
          uniq_josephine, uniq_harold, uniq_fannar, uniq_lodul
Temple:   hellmonk_temple_two_chambers
Lair:1:   layout_roguey, gammafunk_ghost_wrathful_warriors
Lair:2:   layout_roguey, elwin_shoals_entry_rooms, spider_nest_entry_webs,
          serial_bayou_shore_a
Lair:3:   layout_gridlike, gammafunk_ghost_cemetery, grunt_megastairs_5
Lair:4:   layout_loops_ring, dpeg_slime_entry_corner, gammafunk_ghost_grave,
          minmay_lindwurm_lava, serial_bayou_shore_b
Lair:5:   hangedman_lair_caniforms_friends, layout_loops_ring, wormcave
Shoals:1: layout_shoals
Orc:1:    layout_caves, serial_shops, shop, gammafunk_ghost_necromancy,
          lemuel_statue_altar
Orc:2:    st_orc_elflike, layout_diamond_mine

Skill      XL: |  1  2  3  4  5  6  7  8  9 10 11 12 13 14 15 |
---------------+----------------------------------------------+-----
Long Blades    | 3 |  3.5
Polearms       | 2 4 5 7 9 11 12 14 | 14.9
Dodging        | 1 2 3 4 5 7 8 |  8.7
Armour         | 4 6 8 9 |  9.8
Fighting       | 4 5 6 7 8 10 11 12 | 12.2
Shields        | 4 5 6 7 |  7.8
Invocations    | 1 2 |  2.5
Axes           | 2 9 11 | 11.0
Stealth        | |  0.6
Evocations     | |  0.3

Action                   |  1- 3 |  4- 6 |  7- 9 | 10-12 | 13-15 || total
-------------------------+-------+-------+-------+-------+-------++-------
Melee: Long sword        |   107 |    53 |       |       |       ||   160
       Demon trident     |       |   181 |   357 |   909 |   479 ||  1926
       Battleaxe         |       |       |       |       |   425 ||   425
Invok: Heroism           |       |       |       |    12 |    14 ||    26
       Finesse           |       |       |       |       |     1 ||     1
Evoke: Wand              |       |       |       |       |     2 ||     2
  Use: Scroll            |       |    14 |     5 |    10 |     9 ||    38
       Potion            |       |     1 |     2 |     5 |     3 ||    11
 Stab: Distracted        |       |       |       |       |     2 ||     2
       Sleeping          |       |       |       |       |     1 ||     1
Armor: Scale mail        |    51 |    69 |    92 |    46 |       ||   258
       Chain mail        |       |       |       |   134 |       ||   134
       Ring mail         |       |       |       |   116 |       ||   116
       Leather armour    |       |       |       |    26 |   352 ||   378
Dodge: Dodged            |    71 |   115 |   156 |   383 |   609 ||  1334
Block: Buckler           |    35 |    39 |    66 |   222 |    94 ||   456
